[Event "Titled Tuesday Blitz January 03 Early 2023"]
[White "Miszler, Levente"]
[Black "Murtazin, Ruslan"]
[WhiteFideId "763276"]
[BlackFideId "24175960"]
[WhiteElo "2271"]
[BlackElo "2247"]
[Result "0-1"]
[Round "08"]
[TimeControl "180+2"]
[Date "2023.01.03"]
[WhiteClock "0:00:45"]
[BlackClock "0:01:06"]

1. e4 e6 2. d4 d5 3. Nd2 Be7 4. Ngf3 Nf6 5. Bd3 c5 6. exd5 Qxd5 7. c4 Qd6 8. Ne4 Nxe4 9. Bxe4 cxd4 10. Qxd4 Qxd4 11. Nxd4 a6 12. Be3 Nd7 13. Ke2 Rb8 14. Rhd1 Nc5 15. Bf3 e5 16. Nb3 Nxb3 17. axb3 f5 18. Bd5 b6 19. Bc6+ Kf7 20. Bd7 a5 21. Bxc8 Rhxc8 22. Rd7 Ke6 23. Rad1 b5 24. c5 f4 25. Bc1 Rxc5 26. Ra7 Rc2+ 27. Bd2 Rxb2 28. Rxa5 Rxb3 29. Rc1 Kf5 30. Ra7 Bf6 31. Rc5 b4 32. f3 Rb2 33. g4+ fxg3 34. hxg3 Rd8 35. g4+ Kg6 0-1


[Site "https://www.chess.com"]

[Event "Titled Tuesday Blitz January 03 Early 2023"]
[White "Erzhanov, Arman"]
[Black "Topalov, Aleksandar"]
[WhiteFideId "4138821"]
[BlackFideId "925659"]
[WhiteElo "2228"]
[BlackElo "2233"]
[Result "1/2-1/2"]
[Round "08"]
[TimeControl "180+2"]
[Date "2023.01.03"]
[WhiteClock "0:00:12"]
[BlackClock "0:00:05"]

1. e4 e6 2. b3 d5 3. Bb2 Nf6 4. e5 Ng8 5. f4 Ne7 6. Nf3 h5 7. d4 b6 8. Bd3 g6 9. O-O Qd7 10. Ng5 Ba6 11. c4 dxc4 12. bxc4 Nbc6 13. Ne4 Bg7 14. Be2 O-O-O 15. Ng5 Nf5 16. d5 exd5 17. cxd5 Bxe2 18. Qxe2 Qxd5 19. Nc3 Qc5+ 20. Kh1 Bh6 21. Nxf7 h4 22. Nxh8 Rxh8 23. Ne4 Qa5 24. Rac1 Kb7 25. Qf3 Qb5 26. Nc3 Qxb2 27. Rb1 Qd2 28. Rfd1 Qe3 29. Qd5 Bxf4 30. Ne4 Rd8 31. Qc4 Rxd1+ 32. Rxd1 Nfd4 33. Qd5 Qe2 34. Rg1 h3 35. e6 hxg2+ 36. Rxg2 Qf1+ 37. Rg1 Qf3+ 38. Rg2 g5 39. e7 Qf1+ 40. Rg1 Qf3+ 41. Rg2 Qf1+ 42. Rg1 Qf3+ 43. Rg2 1/2-1/2


[Site "https://www.chess.com"]

[Event "Titled Tuesday Blitz January 03 Early 2023"]
[White "Lehtosaari, Mauri"]
[Black "Kopczynski, Michal"]
[WhiteFideId "501999"]
[BlackFideId "1124200"]
[WhiteElo "2176"]
[BlackElo "2225"]
[Result "1-0"]
[Round "08"]
[TimeControl "180+2"]
[Date "2023.01.03"]
[WhiteClock "0:00:25"]
[BlackClock "0:00:19"]

1. d4 Nf6 2. Nf3 g6 3. Bg5 Bg7 4. Nbd2 d6 5. e3 O-O 6. Bc4 Nc6 7. O-O h6 8. Bxf6 Bxf6 9. c3 e5 10. a4 d5 11. dxe5 Nxe5 12. Nxe5 Bxe5 13. Bd3 c6 14. Qf3 Qh4 15. g3 Qh3 16. Rfe1 Bg4 17. Qg2 Qh5 18. f3 Bh3 19. Qf2 f5 20. f4 Bg7 21. Nf3 g5 22. Nd4 Rae8 23. a5 Qg6 24. a6 b6 25. Be2 gxf4 26. exf4 h5 27. Nf3 Bf6 28. Bd3 h4 29. Ne5 Bxe5 30. Rxe5 Rxe5 31. fxe5 Qg5 32. Qf4 Qxf4 33. gxf4 Kf7 34. Kf2 Rg8 35. Rg1 Rxg1 36. Kxg1 Bg4 37. Kf2 Ke6 38. Ke3 Bh5 39. b4 b5 40. Kd4 Be8 41. Kc5 Bd7 42. Bf1 Be8 43. Be2 Bd7 44. Bh5 Ke7 45. Bg6 Ke6 46. Bh7 Ke7 47. Bg8 Be8 48. e6 Kf8 49. Bf7 Bxf7 50. exf7 Kxf7 51. Kxc6 Ke6 52. Kxb5 d4 53. cxd4 Kd5 54. Ka5 Kxd4 55. b5 Kc5 56. Ka4 Kb6 57. Kb4 Kc7 58. Kc5 Kd7 59. h3 Kc7 60. b6+ axb6+ 61. Kb5 Kb8 62. Kxb6 Ka8 63. Kc6 Ka7 64. Kd6 Kxa6 65. Ke6 Kb6 66. Kxf5 Kc6 67. Kg6 Kd7 68. f5 Ke8 69. Kg7 Ke7 70. f6+ Ke6 71. f7 1-0


[Site "https://www.chess.com"]

[Event "Titled Tuesday Blitz January 03 Early 2023"]
[White "Lacasa Diaz, Jose Antonio"]
[Black "Berezin, Viktor"]
[WhiteFideId "2203375"]
[BlackFideId "14107872"]
[WhiteElo "2359"]
[BlackElo "2307"]
[Result "0-1"]
[Round "08"]
[TimeControl "180+2"]
[Date "2023.01.03"]
[WhiteClock "0:00:37"]
[BlackClock "0:00:24"]

1. e4 g6 2. d4 Bg7 3. Nc3 d6 4. Be3 Nf6 5. Nf3 O-O 6. h3 Nc6 7. a4 e5 8. dxe5 Nxe5 9. Nxe5 dxe5 10. Qxd8 Rxd8 11. Bc4 Ne8 12. Rd1 Bd7 13. a5 a6 14. Nd5 Bf8 15. c3 Kg7 16. f3 f6 17. Kf2 Rac8 18. Rd2 Nd6 19. Ba2 Be8 20. Rhd1 Bf7 21. b4 f5 22. Bg5 Re8 23. Nf6 Re7 24. exf5 gxf5 25. Nd5 Ree8 26. Nf6 Re7 27. Bxf7 Rxf7 28. Nd5 Kg6 29. Be3 Nc4 30. Re2 Nxe3 31. Rxe3 Bg7 32. Red3 h5 33. c4 h4 34. Ne3 Re8 35. Rd7 Ree7 36. Rxe7 Rxe7 37. Rd8 c6 38. c5 e4 39. Nc4 Bc3 40. Rd6+ Kh7 41. Ne3 Bxb4 42. Nxf5 Bxc5+ 43. Ke2 exf3+ 44. Kxf3 Bxd6 45. Nxd6 Rd7 0-1


[Site "https://www.chess.com"]

[Event "Titled Tuesday Blitz January 03 Early 2023"]
[White "Garv Gaur"]
[Black "Ovezdurdyyeva, Jemal"]
[WhiteFideId "45030839"]
[BlackFideId "14001888"]
[WhiteElo "2006"]
[BlackElo "2078"]
[Result "1-0"]
[Round "08"]
[TimeControl "180+2"]
[Date "2023.01.03"]
[WhiteClock "0:02:14"]
[BlackClock "0:01:29"]

1. d4 Nf6 2. Nf3 g6 3. c4 Bg7 4. g3 O-O 5. Bg2 d5 6. cxd5 Nxd5 7. O-O c6 8. Nc3 Bg4 9. Qb3 Nb6 10. Rd1 e6 11. Bg5 Qd7 12. Ne5 Bxe5 13. dxe5 Qc7 14. Rd6 f6 15. Bf4 fxe5 16. Bxe5 Qf7 17. f3 N8d7 18. Bd4 e5 19. Qxf7+ Kxf7 20. Bxb6 1-0


[Site "https://www.chess.com"]

[Event "Titled Tuesday Blitz January 03 Early 2023"]
[White "Melikhov, Evgeny V."]
[Black "Tran, Thanh Tu"]
[WhiteFideId "4122046"]
[BlackFideId "12401404"]
[WhiteElo "2269"]
[BlackElo "2412"]
[Result "0-1"]
[Round "08"]
[TimeControl "180+2"]
[Date "2023.01.03"]
[WhiteClock "0:00:11"]
[BlackClock "0:00:11"]

1. d4 Nc6 2. d5 Nb8 3. e4 d6 4. c4 Nf6 5. Nc3 g6 6. f3 Bg7 7. Be3 c6 8. Qd2 a6 9. Bh6 Bxh6 10. Qxh6 b5 11. h4 Qb6 12. O-O-O b4 13. Nce2 cxd5 14. cxd5 Bd7 15. Kb1 Bb5 16. Nc1 Nbd7 17. Nge2 Rc8 18. Nd4 Bxf1 19. Rhxf1 Ne5 20. Nc6 Nxc6 21. dxc6 Qxc6 22. Nb3 Qc2+ 23. Ka1 Qxg2 24. Rc1 Kd7 25. Qe3 Rxc1+ 26. Rxc1 Rd8 27. e5 dxe5 28. Rd1+ Ke8 29. Rxd8+ Kxd8 30. Qb6+ Kc8 31. Qxa6+ Kc7 32. Qa7+ Kd6 33. Qb6+ Kd5 34. Qb7+ Ke6 35. Qc6+ Kf5 36. a4 bxa3 37. bxa3 Kf4 38. a4 Qxf3 39. Qxf3+ Kxf3 40. a5 Nd5 41. a6 Nb6 42. a7 e4 43. Nc5 e3 44. Kb2 e2 45. Nd3 f6 46. Kc3 e5 47. Kb4 e4 48. Ne1+ Kf2 49. Nc2 e1=Q+ 50. Nxe1 Kxe1 51. Kb5 Na8 52. Kc6 e3 53. Kb7 e2 54. Kxa8 Kf1 55. Kb8 e1=Q 56. a8=Q Qe8+ 57. Kb7 Qxa8+ 58. Kxa8 Kg2 0-1


[Site "https://www.chess.com"]

[Event "Titled Tuesday Blitz January 03 Early 2023"]
[White "Fiorito, Joaquin"]
[Black "Jiganchine, Roman"]
[WhiteFideId "180173"]
[BlackFideId "2603667"]
[WhiteElo "2405"]
[BlackElo "2205"]
[Result "1-0"]
[Round "08"]
[TimeControl "180+2"]
[Date "2023.01.03"]
[WhiteClock "0:01:13"]
[BlackClock "0:00:01"]

1. d4 d5 2. Nc3 c6 3. Bf4 Nf6 4. e3 Bf5 5. f3 e6 6. g4 Bg6 7. h4 h5 8. g5 Nfd7 9. Nh3 a5 10. Qd2 a4 11. a3 Qb6 12. O-O-O Be7 13. Bg3 O-O 14. Nf4 c5 15. Bd3 Bxd3 16. Qxd3 Nc6 17. g6 c4 18. gxf7+ Rxf7 19. Qe2 Qa5 20. Nb1 c3 21. bxc3 Nf8 22. Be1 Qb6 23. Rg1 Na5 24. Nd3 Nc4 25. Nb4 Ra5 26. f4 Rb5 27. Bd2 Nxa3 28. Nxa3 Bxb4 29. cxb4 Rxb4 30. Bxb4 Qxb4 31. Qd3 Rc7 32. Nb1 a3 33. Qxa3 Qc4 34. Qb2 b5 35. Rg3 Ra7 36. Qb3 Qe2 37. Qd3 Qh2 38. Rdg1 b4 39. Qd2 Qxh4 40. Qxb4 Rc7 41. Qd6 Rf7 42. Qe5 Qh2 43. Rxg7+ Rxg7 44. Qxg7# 1-0


[Site "https://www.chess.com"]

[Event "Titled Tuesday Blitz January 03 Early 2023"]
[White "Zaksaite, Salomeja"]
[Black "Herman, Daniel"]
[WhiteFideId "12801496"]
[BlackFideId "30935008"]
[WhiteElo "2283"]
[BlackElo "1956"]
[Result "0-1"]
[Round "08"]
[TimeControl "180+2"]
[Date "2023.01.03"]
[WhiteClock "0:00:02"]
[BlackClock "0:00:07"]

1. e4 Nf6 2. e5 Nd5 3. c4 Nb6 4. c5 Nd5 5. Nc3 e6 6. d4 d6 7. cxd6 cxd6 8. Nf3 Nc6 9. exd6 Bxd6 10. Bd3 O-O 11. O-O Nce7 12. Bg5 h6 13. Nxd5 exd5 14. Bh4 Bg4 15. h3 Bh5 16. g4 Bg6 17. Bxg6 fxg6 18. Ne5 g5 19. Bg3 Rc8 20. Re1 Nc6 21. Qb3 Bxe5 22. dxe5 Nd4 23. Qxb7 Nf3+ 24. Kg2 Nxe1+ 25. Rxe1 Rf7 26. Qa6 Rc2 27. e6 Re7 28. b3 d4 29. Rd1 Qd5+ 30. Kh2 Rxe6 31. Qxa7 d3 32. Qa4 Ree2 33. Kg1 Qf3 34. Qd4 Red2 35. Qd8+ Kh7 0-1


[Site "https://www.chess.com"]

[Event "Titled Tuesday Blitz January 03 Early 2023"]
[White "Fisher_TheGalactic"]
[Black "aidenzhouu"]
[WhiteElo "2521"]
[BlackElo "2382"]
[Result "1-0"]
[Round "08"]
[TimeControl "180+2"]
[Date "2023.01.03"]
[WhiteClock "0:00:08"]
[BlackClock "0:00:04"]

1. Nf3 Nf6 2. g3 g6 3. Bg2 Bg7 4. O-O O-O 5. d3 d5 6. Nbd2 c5 7. e4 Nc6 8. exd5 Nxd5 9. c3 Nc7 10. Qe2 e5 11. Rd1 Re8 12. Nc4 Qe7 13. Be3 b6 14. a4 Ba6 15. Ng5 Bb7 16. a5 b5 17. a6 Nxa6 18. Rxa6 Bxa6 19. Bxc6 bxc4 20. dxc4 Bb7 21. Bxe8 Qxe8 22. Bxc5 Qc6 23. Rd5 Qf6 24. Ne4 Qf5 25. Nd6 Qd7 26. Nxb7 Qxb7 27. b4 a5 28. b5 a4 29. Ba3 Bf8 30. Bxf8 Rxf8 31. Qa2 Ra8 32. Qa3 Qb6 33. Rxe5 Rd8 34. Rd5 Rxd5 35. cxd5 Qxb5 36. d6 Qb1+ 37. Kg2 Qe4+ 38. Kf1 Qd3+ 39. Ke1 Qe4+ 40. Kd2 Qd5+ 41. Ke3 Qe5+ 42. Kd3 Qd5+ 43. Kc2 Qe4+ 44. Kc1 Qe1+ 45. Kc2 Qxf2+ 46. Kd3 Qf3+ 47. Kc4 Qc6+ 48. Kd4 Qb6+ 49. Kd5 Qb5+ 50. Qc5 Qb3+ 51. Kc6 a3 52. d7 Qe6+ 53. Kc7 a2 54. d8=Q+ Kg7 55. Qcd4+ f6 56. Q8d7+ 1-0


[Site "https://www.chess.com"]

[Event "Titled Tuesday Blitz January 03 Early 2023"]
[White "Rosenberg, Evan S"]
[Black "Blanco Acevedo, Cristobal Jose"]
[WhiteFideId "2019299"]
[BlackFideId "3900525"]
[WhiteElo "1956"]
[BlackElo "2310"]
[Result "1-0"]
[Round "08"]
[TimeControl "180+2"]
[Date "2023.01.03"]
[WhiteClock "0:00:15"]
[BlackClock "0:01:17"]

1. d4 d5 2. Nf3 e6 3. g3 Nf6 4. Bg2 a6 5. O-O Nc6 6. c4 dxc4 7. a4 Rb8 8. Ne5 Nxe5 9. dxe5 Qxd1 10. Rxd1 Nd7 11. f4 Bc5+ 12. Kf1 Ke7 13. Nd2 b5 14. Ne4 Bb7 15. Rxd7+ Kxd7 16. Nxc5+ Kc8 17. Nxb7 Rxb7 18. Bxb7+ Kxb7 19. axb5 axb5 20. Be3 Rd8 21. Ke1 h5 22. Ra7+ Kc6 23. Ra6+ Kb7 24. Ra1 Kc6 25. b3 c3 26. b4 h4 27. Rc1 hxg3 28. Rxc3+ Kb7 29. hxg3 Rh8 30. Kf2 Rh2+ 31. Kf3 Rh1 32. Rc1 Rh8 33. Rd1 Kc6 34. Bc5 g6 35. e4 Ra8 36. Rc1 Ra3+ 37. Be3+ Kd7 38. Rd1+ Kc6 39. Rd8 Rb3 40. Rf8 Rxb4 41. Rxf7 Rb1 42. Re7 b4 43. Rxe6+ Kb7 44. Rxg6 b3 45. Bd4 Rd1 46. e6 Rxd4 47. e7 b2 48. e8=Q b1=Q 49. Qc6+ Kc8 50. Rg8+ Rd8 51. Qa8+ Kd7 52. Qxd8+ Kc6 53. Qd5+ 1-0


[Site "https://www.chess.com"]

[Event "Titled Tuesday Blitz January 03 Early 2023"]
[White "Krstic, Milos"]
[Black "Viskelis, Darius"]
[WhiteFideId "954888"]
[BlackFideId "12800830"]
[WhiteElo "2183"]
[BlackElo "2166"]
[Result "0-1"]
[Round "08"]
[TimeControl "180+2"]
[Date "2023.01.03"]
[WhiteClock "0:02:02"]
[BlackClock "0:01:50"]

1. e4 c5 2. Nf3 g6 3. d4 cxd4 4. Nxd4 Bg7 5. Nc3 Nc6 6. Be3 Nf6 7. Bc4 O-O 8. Bb3 d5 9. exd5 Nb4 10. Nde2 a5 11. a3 Na6 12. O-O Bd7 13. Qd2 b5 14. Nd4 a4 15. Ba2 b4 16. axb4 Nxb4 17. Bc4 Qc7 18. b3 Ng4 19. Ncb5 Qxh2# 0-1


[Site "https://www.chess.com"]

[Event "Titled Tuesday Blitz January 03 Early 2023"]
[White "Sargsyan, Anna M."]
[Black "Corredor Castellanos, Camilo"]
[WhiteFideId "13308130"]
[BlackFideId "4425871"]
[WhiteElo "2375"]
[BlackElo "1957"]
[Result "1-0"]
[Round "08"]
[TimeControl "180+2"]
[Date "2023.01.03"]
[WhiteClock "0:01:35"]
[BlackClock "0:00:12"]

1. d4 d5 2. c4 e6 3. Nf3 Nf6 4. Nc3 a6 5. cxd5 exd5 6. Bg5 Be7 7. e3 O-O 8. Bd3 Bg4 9. Qc2 h6 10. Bxf6 Bxf6 11. O-O-O Nc6 12. a3 Qd6 13. Rdg1 b5 14. Nxd5 Na5 15. Nxf6+ Qxf6 16. Ne5 Be6 17. g4 c5 18. Kb1 Bb3 19. Qxc5 Rfc8 20. Qb4 Qb6 21. Nd7 Qc7 22. Nc5 Bd5 23. e4 Bc4 24. Bc2 Qf4 25. Qxa5 Qxf2 26. Qc3 a5 27. g5 hxg5 28. Rxg5 Be6 29. Rhg1 g6 30. Qg3 b4 31. Qxf2 1-0


[Site "https://www.chess.com"]

[Event "Titled Tuesday Blitz January 03 Early 2023"]
[White "Hoffmann, Asa"]
[Black "De La Colina, Nicolas"]
[WhiteFideId "2001470"]
[BlackFideId "30946921"]
[WhiteElo "2185"]
[BlackElo "2244"]
[Result "1-0"]
[Round "08"]
[TimeControl "180+2"]
[Date "2023.01.03"]
[WhiteClock "0:00:21"]
[BlackClock "0:00:03"]

1. d4 Nf6 2. Bg5 e6 3. Nd2 d6 4. e3 Nbd7 5. Bd3 b6 6. Ngf3 h6 7. Bh4 g5 8. Bg3 Nh5 9. Qe2 Bg7 10. O-O-O Bb7 11. e4 a6 12. c3 Qe7 13. Rde1 c5 14. Nc4 Nxg3 15. hxg3 Rc8 16. e5 dxe5 17. dxe5 O-O 18. Nd6 Bd5 19. Nxc8 Rxc8 20. c4 Bc6 21. Be4 Nf8 22. Bxc6 Rxc6 23. Qe4 Rc8 24. Rd1 b5 25. Rd6 bxc4 26. Qxc4 Ng6 27. Qxa6 Rb8 28. Rhd1 Nxe5 29. Nxe5 Bxe5 30. Rb6 Rf8 31. Qe2 Qf6 32. Rb3 Ra8 33. a3 Bd4 34. f3 Rc8 35. Kb1 Qe7 36. Qc4 Qc7 37. Rbd3 Qb7 38. R1d2 Ra8 39. Ka2 Qb8 40. g4 Qf4 41. Rc2 Qh2 42. Rb3 Qg1 43. Qd3 Qe1 44. Qe4 Qa5 45. Rc4 Rd8 46. g3 Qa6 47. Rc2 Qf1 48. f4 Qd1 49. fxg5 hxg5 50. Rh2 Qf1 51. Qh7+ Kf8 52. Qh6+ Ke7 53. Qxg5+ Kd7 54. Qf4 Qc4 55. Qxf7+ Kd6 56. Rh6 1-0


[Site "https://www.chess.com"]

[Event "Titled Tuesday Blitz January 03 Early 2023"]
[White "Dwilewicz, Katarzyna"]
[Black "ArchibaldCerveza29"]
[WhiteFideId "1148486"]
[WhiteElo "2115"]
[BlackElo "2510"]
[Result "0-1"]
[Round "08"]
[TimeControl "180+2"]
[Date "2023.01.03"]
[WhiteClock "0:00:01"]
[BlackClock "0:00:08"]

1. e4 e5 2. Nf3 Nc6 3. Bc4 Nf6 4. d3 Be7 5. O-O O-O 6. Re1 d6 7. a4 Na5 8. Ba2 c5 9. c3 Nc6 10. Nbd2 a6 11. Nf1 Rb8 12. Ng3 Re8 13. Ng5 Rf8 14. Nf3 h6 15. h3 Re8 16. d4 cxd4 17. cxd4 exd4 18. Nxd4 Bf8 19. Ndf5 Be6 20. Bf4 Ne5 21. b4 Bxa2 22. Rxa2 Rc8 23. Rd2 Nc4 24. Rd4 Re6 25. Qd3 b5 26. axb5 axb5 27. e5 Qb6 28. exd6 Rxe1+ 29. Kh2 Rd8 30. d7 Qb7 31. Nxh6+ gxh6 32. Qf5 Nh7 33. Nh5 Re6 34. Bg3 Rg6 35. Nf4 Rg5 36. Qd3 Ne5 37. Qd2 Rxd7 38. h4 Rxd4 39. Qxd4 Rg7 40. Qxe5 Qe7 41. Qxb5 Qxb4 42. Qf5 Qc5 43. Qe4 Nf6 44. Qe2 Ng4+ 45. Kh3 Bd6 46. Qe8+ Kh7 47. Qe4+ Kh8 48. Qe8+ Rg8 49. Qxf7 Nxf2+ 50. Kh2 Ng4+ 51. Kh3 Nf2+ 52. Kh2 Bxf4 53. Qf6+ Rg7 54. Bxf4 Ng4+ 55. Kh3 Nxf6 0-1


[Site "https://www.chess.com"]

[Event "Titled Tuesday Blitz January 03 Early 2023"]
[White "Tomaszewski, Kacper"]
[Black "Gressmann, Moritz"]
[WhiteFideId "1127373"]
[BlackFideId "24695084"]
[WhiteElo "2313"]
[BlackElo "2129"]
[Result "1/2-1/2"]
[Round "08"]
[TimeControl "180+2"]
[Date "2023.01.03"]
[WhiteClock "0:00:26"]
[BlackClock "0:01:36"]

1. e4 e5 2. Nf3 Nf6 3. Nc3 Nc6 4. h3 Bb4 5. Nd5 Bc5 6. Nxf6+ Qxf6 7. Bc4 d6 8. O-O h6 9. c3 O-O 10. d3 a6 11. Be3 Ba7 12. Bd5 Ne7 13. Bb3 Ng6 14. d4 Nf4 15. dxe5 dxe5 16. Bxf4 Qxf4 17. Qd2 Qf6 18. Kh2 Rd8 19. Qe2 Bd7 20. Rfd1 Bb5 21. Bc4 Bc6 22. Bd5 Bxd5 23. Rxd5 c6 24. Rxd8+ Rxd8 25. Kg1 Qd6 26. Kf1 f6 27. Ke1 Qc5 28. Rc1 Kf7 29. b3 a5 30. Qc4+ Qxc4 31. bxc4 b5 32. cxb5 cxb5 33. Ke2 Rb8 34. Ne1 b4 35. cxb4 axb4 36. Rc7+ Kg6 37. Rxa7 b3 38. axb3 Rxb3 39. Nf3 Rb2+ 40. Kf1 Rb1+ 41. Ne1 h5 42. g3 Rc1 43. h4 Rb1 44. Ke2 Rb2+ 45. Kf3 Rb3+ 46. Kg2 Rc3 47. Nf3 Rb3 48. Ra4 Rc3 49. Nd2 Rc2 50. Nc4 Re2 51. Nd6 Rd2 52. Nf5 Rd7 53. Rb4 Rc7 54. Rb6 Rd7 55. Rd6 Ra7 56. Rd8 Rb7 57. Rg8 Kh7 58. Re8 Ra7 59. Re7 Ra4 60. Rxg7+ Kh8 61. f3 Ra2+ 62. Kg1 Rg2+ 63. Kf1 Rf2+ 64. Ke1 Re2+ 65. Kd1 Rd2+ 66. Kc1 Rc2+ 67. Kb1 Rb2+ 68. Ka1 Ra2+ 69. Kb1 Rb2+ 70. Kc1 Rc2+ 71. Kd1 Rd2+ 72. Ke1 Re2+ 73. Kf1 Rf2+ 74. Kg1 Rg2+ 75. Kxg2 1/2-1/2


[Site "https://www.chess.com"]

[Event "Titled Tuesday Blitz January 03 Early 2023"]
[White "Bazarov, Konstantin"]
[Black "Bashirli, Saadat"]
[WhiteFideId "4137000"]
[BlackFideId "13429990"]
[WhiteElo "2235"]
[BlackElo "1571"]
[Result "1-0"]
[Round "08"]
[TimeControl "180+2"]
[Date "2023.01.03"]
[WhiteClock "0:00:34"]
[BlackClock "0:00:02"]

1. c4 e6 2. Nf3 d5 3. e3 Nf6 4. Qc2 c6 5. b3 Bd6 6. Bb2 O-O 7. Be2 Nbd7 8. d3 e5 9. Nbd2 Qe7 10. Rg1 Nc5 11. h3 Bf5 12. Nh4 Be6 13. b4 Na6 14. a3 Rac8 15. O-O-O Nd7 16. Nhf3 c5 17. b5 Nc7 18. g4 a6 19. a4 axb5 20. axb5 Ra8 21. h4 dxc4 22. dxc4 Ra2 23. Ne4 Rfa8 24. Nxd6 e4 25. Nxe4 Nb6 26. Qc3 f6 27. Qb3 Kf8 28. Nc3 R2a5 29. g5 Na4 30. Nxa4 Rxa4 31. gxf6 gxf6 32. Qc3 Kf7 33. h5 Rb4 34. h6 Ke8 35. Rg7 Bf7 36. Nh4 Ra2 37. Nf5 Qe5 38. Nd6+ Ke7 39. Rxf7+ Kd8 40. Nf5+ Ke8 41. Re7+ Kf8 42. Rxe5 fxe5 43. Qxe5 Rbxb2 44. Qe7+ Kg8 45. Qg7# 1-0


[Site "https://www.chess.com"]

[Event "Titled Tuesday Blitz January 03 Early 2023"]
[White "Fernandez Garcia, Gumersindo"]
[Black "Schut, Han"]
[WhiteFideId "24516740"]
[BlackFideId "1005561"]
[WhiteElo "2160"]
[BlackElo "2101"]
[Result "1-0"]
[Round "08"]
[TimeControl "180+2"]
[Date "2023.01.03"]
[WhiteClock "0:00:39"]
[BlackClock "0:00:01"]

1. f4 d5 2. b3 c5 3. Bb2 Nc6 4. Nf3 Bg4 5. e3 Rc8 6. Be2 Nf6 7. O-O g6 8. d3 Bg7 9. Nbd2 O-O 10. c4 Nb4 11. a3 Bxf3 12. Nxf3 Nc6 13. Qd2 b6 14. h3 Nh5 15. Bxg7 Kxg7 16. Qb2+ Kg8 17. Kh2 d4 18. exd4 cxd4 19. b4 Nxf4 20. g3 Nh5 21. Ng5 e5 22. Ne4 f5 23. Nf2 Qg5 24. Bxh5 Qxh5 25. Rae1 Rce8 26. Qd2 f4 27. g4 Qh4 28. Ne4 f3 29. Qg5 Qxg5 30. Nxg5 h6 31. Ne4 Rf4 32. Rf2 Ref8 33. Ref1 Nd8 34. Kg3 Ne6 35. a4 Kg7 36. a5 bxa5 37. bxa5 R8f7 38. h4 Rb7 39. Rxf3 Rb3 40. g5 h5 41. Nd6 Rxf3+ 42. Rxf3 Nf4 43. Nb5 Rxd3 44. Nxa7 Rc3 45. Nb5 Rxc4 46. Ra3 Rc8 47. a6 Ra8 48. a7 d3 49. Kf3 d2 50. Ra1 1-0


[Site "https://www.chess.com"]

[Event "Titled Tuesday Blitz January 03 Early 2023"]
[White "Guliev, Logman"]
[Black "Koridze, Lile"]
[WhiteFideId "13400061"]
[BlackFideId "13612514"]
[WhiteElo "2250"]
[BlackElo "2191"]
[Result "1-0"]
[Round "08"]
[TimeControl "180+2"]
[Date "2023.01.03"]
[WhiteClock "0:02:07"]
[BlackClock "0:01:02"]

1. e4 c5 2. Nf3 d6 3. d4 cxd4 4. Nxd4 Nf6 5. Nc3 a6 6. f4 e5 7. Nf3 Nbd7 8. Bd3 b5 9. O-O Bb7 10. Kh1 Be7 11. a3 O-O 12. Nh4 exf4 13. Bxf4 Ne5 14. Nf5 Re8 15. Bg5 Ned7 16. Ne2 h6 17. Bh4 Kh8 18. Ned4 Qb6 19. Nxe7 Qxd4 20. Nf5 Qb6 21. Nxh6 Rf8 22. Bxf6 Nxf6 23. Rxf6 gxf6 24. Qh5 Kg7 25. Nf5+ Kg8 26. Qg4+ 1-0


[Site "https://www.chess.com"]

[Event "Titled Tuesday Blitz January 03 Early 2023"]
[White "Begunov, Konstantin"]
[Black "Wieczorek, Zbigniew"]
[WhiteFideId "4118510"]
[BlackFideId "1102001"]
[WhiteElo "2325"]
[BlackElo "2150"]
[Result "1-0"]
[Round "08"]
[TimeControl "180+2"]
[Date "2023.01.03"]
[WhiteClock "0:00:16"]
[BlackClock "0:00:02"]

1. d4 d5 2. c4 c6 3. Nc3 Nf6 4. Nf3 g6 5. cxd5 cxd5 6. Bf4 a6 7. e3 Bg7 8. Bd3 Nc6 9. Ne5 Bd7 10. O-O O-O 11. Qe2 e6 12. h3 Nxe5 13. Bxe5 Bc6 14. Rfc1 Nd7 15. Bxg7 Kxg7 16. Rc2 e5 17. dxe5 Nxe5 18. Rd1 Qe7 19. Rcd2 Rfd8 20. Bb1 Qe6 21. a3 Rd7 22. Ba2 Nc4 23. Rd4 b5 24. e4 dxe4 25. Rxd7 Bxd7 26. Nxe4 Bc6 27. Bxc4 Qxe4 28. Qxe4 Bxe4 29. Bb3 Ra7 30. f3 Bf5 31. Rd6 h5 32. h4 Kf8 33. Rb6 Ke7 34. Kf2 Bc8 35. Ke3 Rc7 36. Rb8 Bb7 37. g3 Bc8 38. Rb6 Rc1 39. Bd5 Rb1 40. b4 Ra1 41. Rc6 Bd7 42. Rxa6 Rb1 43. Ra7 Kd6 44. Bxf7 Re1+ 45. Kf4 1-0


[Site "https://www.chess.com"]

[Event "Titled Tuesday Blitz January 03 Early 2023"]
[White "Zherebtsova, Alexandra"]
[Black "MIM06"]
[WhiteFideId "24129518"]
[WhiteElo "2155"]
[BlackElo "2273"]
[Result "0-1"]
[Round "08"]
[TimeControl "180+2"]
[Date "2023.01.03"]
[WhiteClock "0:00:08"]
[BlackClock "0:00:49"]

1. d4 Nf6 2. Nf3 g6 3. c4 Bg7 4. Nc3 d5 5. e3 O-O 6. Qb3 c5 7. dxc5 dxc4 8. Bxc4 Nc6 9. Be2 e5 10. O-O Qe7 11. Na4 Be6 12. Qa3 Rac8 13. b4 e4 14. Nd4 Nxd4 15. exd4 Nd5 16. Rd1 Rfd8 17. Bb2 Nf4 18. Bf1 Nd5 19. Nc3 Nf4 20. Nxe4 Bd5 21. Ng3 h5 22. Qe3 Ne6 23. Ne4 Kh7 24. Nd6 Rxd6 25. cxd6 Qxd6 26. a3 Bh6 27. Qg3 Bf4 28. Qd3 Bxh2+ 29. Kh1 Bf4 30. Re1 Qe7 31. Re5 Qh4+ 32. Qh3 Qxh3+ 33. Kg1 Qh2# 0-1


[Site "https://www.chess.com"]

[Event "Titled Tuesday Blitz January 03 Early 2023"]
[White "Alfaro, William"]
[Black "Kalajzic, Ivan"]
[WhiteFideId "6100457"]
[BlackFideId "14506378"]
[WhiteElo "2134"]
[BlackElo "2062"]
[Result "1-0"]
[Round "08"]
[TimeControl "180+2"]
[Date "2023.01.03"]
[WhiteClock "0:00:55"]
[BlackClock "0:00:14"]

1. Nf3 Nc6 2. g3 e5 3. d3 Bc5 4. Bg2 d6 5. O-O Bg4 6. h3 Bf5 7. c3 Qd7 8. Kh2 h5 9. e4 Bg6 10. d4 Bb6 11. Nh4 Nge7 12. Be3 O-O-O 13. Na3 exd4 14. cxd4 d5 15. e5 Nf5 16. Nxf5 Bxf5 17. Rc1 Kb8 18. Nb5 Nxe5 19. Qb3 Nc4 20. Bf4 f6 21. Nxa7 Bxa7 22. Rxc4 Rc8 23. Rfc1 Ka8 24. Rxc7 Rxc7 25. Rxc7 g5 26. Qxb7# 1-0


[Site "https://www.chess.com"]

[Event "Titled Tuesday Blitz January 03 Early 2023"]
[White "Klinova, Masha"]
[Black "Sreyas Payyappat"]
[WhiteFideId "2802015"]
[BlackFideId "46674969"]
[WhiteElo "2250"]
[BlackElo "2076"]
[Result "1-0"]
[Round "08"]
[TimeControl "180+2"]
[Date "2023.01.03"]
[WhiteClock "0:01:23"]
[BlackClock "0:01:06"]

1. e4 c6 2. d4 d5 3. Nc3 dxe4 4. Nxe4 Nf6 5. Nxf6+ exf6 6. Be3 Bd6 7. Bd3 O-O 8. Ne2 Nd7 9. O-O g6 10. Qd2 f5 11. Bf4 Nf6 12. Bxd6 Qxd6 13. Qf4 Qxf4 14. Nxf4 b6 15. Rfe1 Bb7 16. c3 Rfe8 17. f3 c5 18. dxc5 bxc5 19. Bc4 Kg7 20. Kf2 Rad8 21. Rxe8 Nxe8 22. Re1 Kf6 23. Re2 Nc7 24. Nd3 Bd5 25. Bxd5 Rxd5 26. Ke3 c4 27. Nb4 Rd1 28. Rd2 Rb1 29. Kd4 a5 30. Nd5+ Nxd5 31. Kxd5 Rh1 32. h3 Ra1 33. a3 Kg5 34. Kxc4 Rg1 35. Kb5 Kf4 36. c4 Ke3 37. Rc2 Kd3 38. Rc3+ Kd4 39. c5 Rxg2 40. Rc4+ Kd5 41. b4 axb4 42. axb4 Re2 43. c6 Re8 44. c7 Rc8 45. Rc6 g5 46. Kb6 h5 47. Kb7 Re8 48. Rf6 Ke5 49. Rxf7 g4 50. fxg4 fxg4 51. hxg4 hxg4 52. Rg7 1-0


[Site "https://www.chess.com"]